 Dungeon Crawl Stone Soup version 0.30-a0-630-g881e3bac89 (webtiles) character file.

Game seed: 9306502589767053057

2 Bnni the Sneak (level 1, -2/11 HPs)
             Began as a Vine Stalker Brigand on Jan 13, 2023.
             Slain by a goblin
             ... wielding a +0 club
              (3 damage)
             ... on level 1 of the Dungeon.
             The game lasted 00:00:10 (68 turns).

Bnni the Sneak (Vine Stalker Brigand)                 Turns: 68, Time: 00:00:11

Health: -2/11      AC:  3    Str: 13    XL:     1   Next: 30%
Magic:  0/2        EV: 11    Int: 11    God:
Gold:   0          SH:  0    Dex: 15    Spells: 0/0 levels left

rFire   . . .      SeeInvis .    a - +2 dagger
rCold   . . .      Faith    .    (no shield)
rNeg    . . .      Spirit   +    b - +0 robe
rPois   .          Reflect  .    (no helmet)
rElec   .          Harm     .    c - +0 cloak
rCorr   .          Rampage  .    (no gloves)
Will    .....                    (no boots)
Stlth   +++                      (no amulet)
HPRegen 0.21/turn                (no ring)
MPRegen 0.08/turn                (no ring)

@: no status effects
A: fangs 2, magic shield, antimagic bite, no potion heal 2
a: no special abilities


You were on level 1 of the Dungeon.
You visited 1 branch of the dungeon, and saw 1 of its levels.

Inventory:

Hand Weapons
 a - a +2 dagger (weapon)
Missiles
 d - 9 poisoned darts (quivered)
 e - 3 curare-tipped darts
Armour
 b - a +0 robe (worn)
 c - a +0 cloak (worn)


   Skills:
 + Level 1.8 Fighting
 * Level 1.9 Short Blades
 - Level 1.7 Throwing
 - Level 0.7 Dodging
 - Level 4.8 Stealth


You couldn't memorise any spells.
You didn't know any spells.
Your spell library was empty.

Dungeon Overview and Level Annotations

Branches:
Dungeon (1/15)

Altars:

Annotations:
D:1 1 transporter


Innate Abilities, Weirdness & Mutations

You have extremely sharp teeth.
When hurt, damage is shared between your health and your magic reserves.
Your bite disrupts and absorbs the magic of your enemies.
Potions cannot restore your health.


Message History

You are too injured to fight recklessly!
You are too injured to fight recklessly!
You are too injured to fight recklessly!
You are too injured to fight recklessly!
You are too injured to fight recklessly!
You are too injured to fight recklessly!
You are too injured to fight recklessly!
Unknown command.
You escape the ball python's grasp.
The ball python barely misses you. The ball python misses you.
A quokka comes into view.
The ball python attacks as you move away!
The ball python bites you.
You hit the ball python.
You kill the ball python!
You barely miss the ball python. Your bite misses the ball python.
The ball python barely misses you. The ball python closely misses you.
You hit the ball python.
The ball python is severely wounded.
The ball python bites you. The ball python misses you.
The ball python bites you.
* * * LOW HITPOINT WARNING * * *
The ball python grabs you. The ball python constricts you.
You hit the ball python.
You kill the ball python!
You hit the ball python.
The ball python is moderately wounded.
The ball python bites you but does no damage.
The ball python misses you.
You barely miss the ball python. You bite the ball python.
You kill the ball python!
The goblin closely misses you.
You hit the quokka. You bite the quokka, but do no damage.
The quokka is moderately wounded.
The quokka bites you but does no damage.
The quokka bites you.
* * * LOW HITPOINT WARNING * * *
You barely miss the goblin. Your bite misses the goblin.
The goblin hits you with a +0 club.
You die...

......? .# ....r.. .#
....... .# ....r..
.#### ......g ....# .
#....K.#.##.###..
#.#..........
###.#r##g..##
#....Kr@..##
#.#..#################
##.# ##.....#.....##
#.# ##.............##
#.###...............#
#....#.#.#..........#
##...##.#.#.........#
##..###<#..........#
##.##©#.#.........#


You could see 2 quokkas, a goblin and a kobold.

Vanquished Creatures
  3 ball pythons (D:1)
3 creatures vanquished.

Notes
Turn   | Place    | Note
-------+----------+-------------------------------------------
     0 | D:1      | Bnni the Vine Stalker Brigand began the quest for the Orb.
     0 | D:1      | Reached XP level 1. HP: 11/11 MP: 2/2
    68 | D:1      | Slain by a goblin

Illustrated notes

Levels and vault maps discovered:
D:1:      spicycebolla_arrival_risky_transporter, layout_rooms, minmay_domino_2

Action                   || total
-------------------------++-------
Melee: Dagger            ||    12
       Bite              ||     2
Armor: Robe              ||     2
Dodge: Dodged            ||     9

Table legend: (Time is in decaauts)
 A = Elapsed time spent in this place.
 B = Non-inter-level travel time spent in this place.
 C = Inter-level travel time spent in this place.
 D = Time resting spent in this place.
 E = Time spent auto-exploring this place.
 F = Levels seen in this place.
 G = Mean time per level.
                   A        B        C        D        E       F      G
               +--------+--------+--------+--------+--------+-----+--------+
         Total |     66 |     66 |      0 |      0 |     48 |   1 |   66.0 |
       Dungeon |     66 |     66 |      0 |      0 |     48 |   1 |   66.0 |
               +--------+--------+--------+--------+--------+-----+--------+

Top non-repeatable levels by time:
     D:1: 66 daAuts
